Map: Oxide LE

Players

IlIlIIllIlIl - Winner!

  • Race: Protoss Protoss
  • League: Diamond
  • Spawn Location: 1:00

Osiris

  • Race: Terran Terran
  • Spawn Location: 7:00

VOD

Have the link to the VOD?

Description

Time

  • Played on: Feb. 23, 2021, 8:11 p.m.
  • Length: 6:23
Show
View Real Time Build Order
Export as new Build Order

IlIlIIllIlIl Protoss - Winner!

Build Orders: 1 Gate Expand, Blink Stalkers 

Get SALT Encoding   

  12  0:00  Probe  
  13  0:12  Probe  
  14  0:17  Pylon  
  14  0:24  Probe (Chrono Boost)  
  15  0:36  Probe (Chrono Boost)  
  15  0:39  Gateway  
  16  0:44  Probe (Chrono Boost)  
  17  0:51  Probe  
  17  0:53  Assimilator  
  18  0:57  Assimilator  
  18  1:03  Probe  
  19  1:15  Probe  
  20  1:27  Cybernetics Core  
  20  1:38  Nexus  
  20  1:46  Pylon  
  20  1:49  Probe  
  21  2:00  Stalker (Chrono Boost)  
  21  2:04  Warp Gate  
  21  2:05  Probe  
  24  2:17  Probe (Chrono Boost)  
  25  2:23  Stalker  
  25  2:29  Probe (Chrono Boost)  
  28  2:42  Probe (Chrono Boost), Twilight Council  
  30  2:53  Stalker  
  30  2:54  Probe (Chrono Boost)  
  30  2:56  Probe (Chrono Boost)  
  33  3:02  Probe (Chrono Boost)  
  35  3:10  Gateway  
  35  3:12  Gateway  
  35  3:13  Blink (Chrono Boost)  
  35  3:19  Probe  
  35  3:22  Probe  
  36  3:29  Pylon  
  36  3:36  Probe x2  
  38  3:48  Probe x2  
  39  3:53  Stalker  
  42  4:00  Probe x2  
  44  4:03  Pylon  
  44  4:04  Pylon  
  44  4:07  Stalker x2  
  48  4:12  Probe  
  48  4:15  Pylon  
  49  4:23  Gateway  
  49  4:30  Stalker  
  49  4:31  Stalker  
  53  4:32  Stalker  
  53  4:36  Pylon  
  55  4:52  Gateway x2  
  55  4:56  Stalker x2  
  59  5:11  Stalker  
  61  5:25  Stalker  
  61  5:26  Stalker x2  
  65  5:38  Stalker  
  63  5:49  Zealot x5  
  59  6:14  Stalker x2  
  59  6:15  Stalker x4  
Show
View Real Time Build Order
Export as new Build Order

Osiris Terran 

Build Orders: Reaper Expand 

Get SALT Encoding   

  12  0:00  SCV  
  13  0:12  SCV  
  14  0:16  Supply Depot  
  14  0:24  SCV  
  15  0:38  SCV  
  15  0:39  Barracks  
  16  0:43  Refinery  
  16  0:51  SCV  
  17  1:03  SCV  
  18  1:15  SCV  
  19  1:30  Reaper, Orbital Command  
  20  1:44  Command Center  
  20  1:56  SCV  
  20  1:58  Supply Depot  
  21  2:02  Marine  
  22  2:09  SCV  
  23  2:22  Barracks Reactor  
  23  2:24  SCV  
  24  2:35  Command Center  
  24  2:36  SCV  
  25  2:40  Barracks  
  25  2:49  SCV  
  26  2:57  Orbital Command  
  26  2:59  Marine x2  
  26  3:01  SCV  
  29  3:10  Engineering Bay  
  29  3:13  SCV  
  29  3:18  Marine x2  
  32  3:24  SCV  
  32  3:25  SCV  
  34  3:27  Barracks Tech Lab  
  34  3:29  Bunker  
  34  3:35  Marine  
  34  3:36  SCV, Marine  
  34  3:38  SCV  
  37  3:48  SCV, Orbital Command  
  37  3:49  Stimpack, Marine  
  37  3:51  SCV  
  37  3:53  Terran Infantry Weapons Level 1  
  40  3:57  Refinery  
  40  4:00  SCV  
  41  4:03  SCV, Marine x2  
  41  4:09  Marine  
  45  4:13  SCV  
  45  4:15  SCV, Barracks  
  45  4:16  SCV  
  48  4:25  SCV, Marine x2  
  48  4:26  Supply Depot  
  48  4:27  SCV, Marauder  
  54  4:32  SCV  
  54  4:35  Bunker  
  54  4:37  Refinery, Factory  
  55  4:40  SCV  
  55  4:41  SCV  
  57  4:45  SCV  
  57  4:46  Marine  
  57  4:48  Supply Depot, Marine  
  57  4:49  Supply Depot  
  57  4:52  SCV, Marauder  
  63  4:58  SCV  
  62  5:09  Barracks Tech Lab  
  62  5:12  Marine  
  62  5:13  Marine  
  62  5:14  Marauder  
  64  5:15  Bunker  
  64  5:17  Bunker  
  62  5:23  Factory Tech Lab  
  58  5:29  Marauder  
  58  5:36  Marine  
  58  5:37  Marine, Marauder  
  58  5:46  SCV x2  
  58  5:48  Bunker  
  52  5:51  Marauder  
  48  5:57  Marine  
  48  5:58  Marine  
  48  6:07  SCV  
  48  6:08  SCV  
Tags
 
Add a new tag
Caveats
  • Supply blocks, unpowered buildings, or Contaminate may cause inaccurate times.
  • Supply counts are checked every 10 seconds.